 Dungeon Crawl Stone Soup version 0.29.0-13-gc9e81de378 (webtiles) character file.

Game seed: 15013539845964917013

391 Querens the Magician (level 6, 0/32 HPs)
             Began as a Deep Elf Conjurer on Sept 10, 2022.
             Slain by an ice beast (13 damage)
             ... on level 4 of the Dungeon.
             The game lasted 00:08:39 (1651 turns).

Querens the Magician (Deep Elf Conjurer)            Turns: 1651, Time: 00:08:39

Health: 0/32       AC:  2    Str:  4    XL:     6   Next: 50%
Magic:  10/17      EV: 12    Int: 25    God:
Gold:   149        SH:  0    Dex: 13    Spells: 7/18 levels left

rFire   . . .      SeeInvis .   d - +0 dagger
rCold   . . .      Faith    .   (no shield)
rNeg    . . .      Spirit   .   o - +0 robe {Will+}
rPois   .          Reflect  .   (no helmet)
rElec   .          Harm     .   (no cloak)
rCorr   .          Rampage  .   (no gloves)
Will    +....                   (no boots)
Stlth   ++........              c - amulet of regeneration
HPRegen 0.90/turn               (no ring)
MPRegen 0.15/turn               (no ring)

@: no status effects
A: no striking features
a: no special abilities


You were on level 4 of the Dungeon.
You visited 1 branch of the dungeon, and saw 4 of its levels.

You collected 149 gold pieces.

Inventory:

Hand Weapons
 d - a +0 dagger (weapon)
Missiles
 v - 3 curare-tipped darts
 w - a throwing net
Armour
 o - a +0 robe of willpower (worn)
Jewellery
 c - an amulet of regeneration (around neck)
Scrolls
 a - 2 scrolls of vulnerability {unknown}
 e - 2 scrolls of butterflies {unknown}
 f - 4 scrolls of poison {unknown}
 h - 4 scrolls of enchant weapon {unknown}
 j - 6 scrolls of identify {unknown}
 k - a scroll of fear {unknown}
 l - 2 scrolls of amnesia {unknown}
 q - a scroll of summoning {unknown}
 t - a scroll of enchant armour {unknown}
Potions
 b - a potion of magic
 g - a potion of attraction {unknown}
 i - a potion of flight {unknown}
 m - 3 potions of curing {unknown}
 n - a potion of invisibility {unknown}
 p - 2 potions of degeneration {unknown}
 r - a potion of might {unknown}
 s - a potion of haste {unknown}
 u - a potion of mutation {unknown}


   Skills:
 - Level 2.4 Dodging
 - Level 2.4 Stealth
 + Level 6.9 Spellcasting
 + Level 6.8 Conjurations
 + Level 0.0 Translocations


You had 7 spell levels left.
You knew the following spells:

 Your Spells              Type           Power      Damage    Failure   Level
a - Magic Dart            Conj           100%       1d8       1%          1
b - Searing Ray           Conj           86%        2d7       1%          2
c - Iskenderun's Mystic   Conj/Tloc      26%        2d7       16%         4
d - Fulminant Prism       Conj/Hex       12%        3d9       16%         4

Your spell library contained the following spells:

 Spells                   Type           Power      Damage    Failure   Level
 Dazzling Flash           Conj/Hex       50%        N/A       4%          3
 Portal Projectile        Hex/Tloc       16%        N/A       21%         3
 Tukima's Dance           Hex            8%         N/A       21%         3
 Blade Hands              Tmut           4%         N/A       88%         5


Dungeon Overview and Level Annotations

Branches:
Dungeon (4/15)
 Temple: D:4-7

Altars:


Message History

Really walk into that dispersal trap?
The ice beast attacks as you move away! The ice beast misses you.
You enter a dispersal trap!
The ice beast blinks!
You blink.
Casting: Magic Dart (safe; 1% risk of failure)
Confirm with . or Enter, or press ? or * to list all spells.
You can't see any susceptible monsters within range! (Use Z to cast anyway.)
Casting: Magic Dart (safe; 1% risk of failure)
Confirm with . or Enter, or press ? or * to list all spells.
Aiming: Magic Dart (safe; 1% risk of failure)
Press: ? - help, Shift-Dir - straight line, f - ice beast
Aim: an ice beast (100% to hit)
The magic dart hits the ice beast.
The ice beast is lightly wounded.
Unknown command.
Casting: Magic Dart (safe; 1% risk of failure)
Confirm with . or Enter, or press ? or * to list all spells.
Aiming: Searing Ray (safe; 1% risk of failure)
Press: ? - help, Shift-Dir - straight line, f/p - ice beast
Aim: an ice beast (lightly wounded, 82% to hit)
The searing ray hits the ice beast.
The ice beast is moderately wounded. (Press . to maintain the ray.) Unknown command.
The searing ray hits the ice beast.
The ice beast is moderately wounded.
The searing ray hits the ice beast.
The ice beast is heavily wounded.
The searing ray misses the ice beast.
You finish channelling your searing ray.
The ice beast barely misses you. The ice beast hits you.
The ice beast freezes you!
Casting: Searing Ray (safe; 1% risk of failure)
Confirm with . or Enter, or press ? or * to list all spells.
Aiming: Searing Ray (safe; 1% risk of failure)
Press: ? - help, Shift-Dir - straight line, f/p - ice beast
Aim: an ice beast (heavily wounded, 82% to hit)
The searing ray misses the ice beast. (Press . to maintain the ray.)
The ice beast hits you. The ice beast freezes you!
You die...

##.....# #≈≈ #....##
≈≈≈ #....### ###≈≈
#...#..## ###..##
#....##..####.....##
#...####........!..####
#..## ##..............
#.# #.......^Y..# ##
#........@.##
#.........##
##.......## ##.....##
#######


You could see an ice beast.

Vanquished Creatures
  Sigmund (D:2)
  Natasha (D:2)
  2 orc wizards (D:3)
  7 adders (D:2)
  3 gnolls (D:2)
  An ufetubus (D:4)
  A dart slug (D:1)
  4 orcs (D:3)
  4 endoplasms
  3 giant cockroaches
  4 goblins
  3 hobgoblins
  4 quokkas
  14 ball pythons
  5 bats
  3 frilled lizards
  4 kobolds
  3 rats
67 creatures vanquished.

Vanquished Creatures (others)
  4 plants (D:2)
4 creatures vanquished.

Grand Total: 71 creatures vanquished

Notes
Turn   | Place    | Note
-------+----------+-------------------------------------------
     0 | D:1      | Querens the Deep Elf Conjurer began the quest for the Orb.
     0 | D:1      | Reached XP level 1. HP: 10/10 MP: 6/6
   118 | D:1      | Reached XP level 2. HP: 9/15 MP: 0/8
   479 | D:1      | Learned a level 2 spell: Searing Ray
   545 | D:2      | Reached skill level 5 in Conjurations
   545 | D:2      | Reached XP level 3. HP: 19/19 MP: 1/10
   758 | D:2      | Found a faded altar of an unknown god.
   779 | D:2      | Reached XP level 4. HP: 24/24 MP: 6/12
   837 | D:2      | Reached skill level 5 in Spellcasting
   889 | D:2      | Noticed Sigmund
   901 | D:2      | Noticed Natasha
   922 | D:2      | Killed Natasha
   971 | D:2      | Reached XP level 5. HP: 18/28 MP: 6/14
  1045 | D:2      | Killed Sigmund
  1046 | D:2      | Reached XP level 6. HP: 5/32 MP: 8/17
  1557 | D:4      | Learned a level 4 spell: Iskenderun's Mystic Blast
  1562 | D:4      | Learned a level 4 spell: Fulminant Prism
  1638 | D:4      | Noticed an ice beast
  1651 | D:4      | Slain by an ice beast

Illustrated notes

Levels and vault maps discovered:
D:1:      mrwooster_arrival_arrow, layout_loops_cross
D:2:      layout_basic, nicolae_ecumenical_snake_handling, serial_forest,
          infiniplex_forest_clump_small, infiniplex_forest_clump_long,
          infiniplex_forest_lined_2, infiniplex_forest_end_double,
          infiniplex_forest_lined_room_2, infiniplex_forest_lined_3,
          uniq_natasha, uniq_sigmund
D:3:      layout_loops_ring
D:4:      layout_cave_pods, serial_shops, shop, kennysheep_opposing_triangles

Skill      XL: |  1  2  3  4  5 |
---------------+----------------+-----
Spellcasting   | 4 5 6 |  6.9
Conjurations   | 5 6 |  6.8
Dodging        | |  2.4
Stealth        | |  2.4

Action                   |  1- 3 |  4- 6 || total
-------------------------+-------+-------++-------
Melee: Dagger            |    25 |    18 ||    43
 Cast: Magic Dart        |    40 |     9 ||    49
       Searing Ray       |     8 |    19 ||    27
  Use: Potion            |       |     1 ||     1
Armor: Robe              |    10 |     4 ||    14
Dodge: Dodged            |    26 |    27 ||    53
